Map: Pride of Altaris LE

Players

starkiller - Winner!

  • Race: Zerg Zerg
  • League: Master

Sunlight

  • Race: Protoss Protoss
  • League: Master

VOD

Have the link to the VOD?

Description

Time

  • Played on: Nov. 17, 2021, 8:19 p.m.
  • Length: 9:22
Show
View Real Time Build Order
Export as new Build Order

starkiller Zerg - Winner!

Build Orders: Pool First 

Get SALT Encoding   

  12  0:00  Drone  
  13  0:08  Drone  
  14  0:14  Extractor, Drone  
  15  0:22  Overlord  
  15  0:37  Spawning Pool  
  15  0:40  Drone  
  15  0:44  Drone  
  15  0:48  Drone  
  17  1:09  Hatchery  
  16  1:11  Drone  
  16  1:13  Extractor  
  16  1:23  Zergling x4  
  18  1:26  Zergling x2  
  19  1:34  Queen  
  21  1:40  Overlord  
  21  1:58  Drone  
  22  2:02  Drone  
  23  2:10  Queen  
  23  2:11  Drone  
  23  2:15  Metabolic Boost  
  26  2:29  Drone x2  
  28  2:35  Drone x2  
  30  2:48  Hatchery, Drone  
  30  2:51  Drone  
  30  2:57  Drone x2  
  33  2:59  Drone  
  33  3:03  Overlord  
  34  3:08  Drone  
  34  3:10  Drone  
  36  3:15  Overlord  
  36  3:21  Drone x4  
  36  3:23  Drone  
  36  3:25  Drone  
  42  3:31  Drone x2  
  44  3:40  Lair  
  44  3:43  Overlord  
  44  3:44  Drone  
  45  3:50  Drone x4  
  45  3:51  Drone  
  45  3:52  Extractor  
  45  3:53  Extractor  
  48  3:57  Drone x3  
  48  4:01  Queen  
  53  4:07  Drone x3  
  56  4:12  Drone x2  
  58  4:20  Overlord x2  
  58  4:28  Overlord  
  58  4:31  Extractor  
  58  4:32  Extractor  
  58  4:33  Overlord  
  58  4:34  Extractor, Drone x2  
  58  4:35  Drone  
  58  4:38  Drone  
  58  4:39  Spire  
  58  4:40  Drone  
  58  4:41  Drone  
  58  4:43  Drone  
  58  4:45  Drone x2  
  62  4:48  Drone  
  64  4:53  Drone x2  
  64  4:55  Drone x3  
  64  4:57  Drone  
  70  5:09  Overlord  
  71  5:14  Zergling x8  
  71  5:15  Hatchery  
  71  5:20  Overlord  
  73  5:24  Zergling x4  
  73  5:25  Zergling x2  
  73  5:26  Zergling x2  
  73  5:27  Zergling x2  
  78  5:30  Overlord x2  
  78  5:45  Overseer  
  78  5:50  Mutalisk  
  78  5:51  Mutalisk x7  
  78  5:53  Mutalisk  
  78  5:55  Mutalisk  
  98  5:58  Mutalisk  
  98  6:00  Mutalisk  
  102  6:06  Mutalisk  
  102  6:08  Zergling x2  
  102  6:11  Zergling x4  
  107  6:12  Mutalisk  
  107  6:14  Overlord  
  109  6:18  Mutalisk  
  109  6:20  Zergling x6  
  114  6:28  Mutalisk  
  101  6:40  Mutalisk x2  
  93  6:47  Mutalisk  
  93  6:50  Zergling x6  
  93  6:52  Mutalisk  
  93  6:53  Zergling x10  
  104  7:00  Queen  
  106  7:02  Mutalisk x2  
  110  7:08  Mutalisk  
  110  7:10  Zergling x10  
  110  7:15  Mutalisk  
  117  7:19  Zergling x4  
  121  7:24  Mutalisk  
  121  7:27  Zergling x2  
  121  7:28  Zergling x10  
  129  7:35  Evolution Chamber, Drone x4  
  129  7:36  Drone x3, Evolution Chamber  
  134  7:37  Drone  
  135  7:50  Mutalisk  
  135  7:53  Overlord x2  
  135  8:08  Hatchery  
  130  8:19  Mutalisk x5  
  122  8:25  Zergling x2  
  122  8:26  Zergling x18  
  133  8:31  Mutalisk  
  133  8:32  Mutalisk  
  133  8:33  Zergling x2  
  133  8:34  Zergling x4  
  140  8:39  Mutalisk  
  142  8:45  Mutalisk  
  144  8:57  Zergling x4  
  144  9:00  Overlord  
Show
View Real Time Build Order
Export as new Build Order

Sunlight Protoss 

Build Orders: 1 Gate Expand 

Get SALT Encoding   

  12  0:00  Probe  
  13  0:12  Probe  
  14  0:19  Pylon  
  14  0:24  Probe  
  15  0:37  Probe  
  15  0:42  Gateway  
  16  0:49  Probe  
  17  1:02  Probe  
  18  1:15  Nexus  
  18  1:24  Assimilator  
  18  1:29  Zealot  
  20  1:38  Cybernetics Core  
  20  1:40  Probe  
  20  1:45  Assimilator  
  23  2:02  Pylon  
  23  2:11  Adept (Chrono Boost), Gateway  
  23  2:20  Probe (Chrono Boost)  
  24  2:23  Warp Gate (Chrono Boost)  
  23  2:32  Probe (Chrono Boost)  
  25  2:38  Probe (Chrono Boost)  
  25  2:40  Probe (Chrono Boost)  
  26  2:45  Sentry  
  26  2:49  Shield Battery  
  28  2:57  Pylon  
  28  2:59  Probe x2 (Chrono Boost)  
  30  3:09  Stalker (Chrono Boost)  
  30  3:11  Probe (Chrono Boost)  
  33  3:17  Probe (Chrono Boost)  
  33  3:18  Probe (Chrono Boost)  
  35  3:27  Probe  
  35  3:28  Robotics Facility  
  35  3:30  Probe  
  37  3:40  Probe  
  38  3:47  Probe  
  39  3:51  Twilight Council  
  39  3:52  Probe  
  40  4:00  Probe  
  41  4:04  Probe  
  41  4:09  Gateway  
  42  4:10  Gateway  
  42  4:12  Probe  
  42  4:16  Probe  
  44  4:17  Warp Prism (Chrono Boost)  
  46  4:25  Assimilator  
  46  4:28  Assimilator  
  46  4:29  Blink  
  46  4:37  Pylon  
  46  4:39  Probe  
  46  4:42  Probe  
  48  4:46  Gateway  
  48  4:51  Probe  
  49  4:54  Probe  
  50  5:07  Nexus  
  50  5:09  Pylon  
  50  5:13  Immortal (Chrono Boost)  
  54  5:21  Sentry  
  54  5:22  Sentry  
  54  5:23  Sentry  
  54  5:26  Stalker  
  62  5:29  Probe  
  62  5:30  Probe  
  64  5:35  Pylon  
  64  5:40  Gateway  
  64  5:52  Stalker x3  
  70  6:02  Pylon  
  70  6:09  Pylon  
  70  6:13  Stalker x2  
  70  6:15  Stalker  
  70  6:16  Stalker  
  78  6:19  Sentry  
  56  6:50  Probe, Stalker x4  
  56  6:51  Stalker x2  
  56  6:52  Probe x2  
  57  7:01  Warp Prism (Chrono Boost)  
  57  7:02  Probe  
  60  7:14  Sentry x2  
  60  7:15  Sentry, Stalker x2  
  70  7:24  Sentry  
  72  7:40  Stalker x3  
  72  7:43  Pylon  
  78  7:47  Pylon  
  78  7:50  Stalker  
  78  7:54  Pylon  
  78  8:04  Stalker x3  
  78  8:05  Stalker  
  86  8:06  Stalker  
  79  8:22  Stalker  
  79  8:29  Stalker x2  
  79  8:30  Stalker x3  
  89  8:40  Pylon  
  77  8:50  Stalker  
  77  8:53  Stalker x3  
Tags
 
Add a new tag
Caveats
  • Supply blocks, unpowered buildings, or Contaminate may cause inaccurate times.
  • Supply counts are checked every 10 seconds.